 Dungeon Sprint DCSS version 0.27.1-33-g824d729ab1 (webtiles) character file.

Game seed: 13473141896246901871

13727 Hipnos the Bludgeoner (level 12, -3/109 HPs)
             Began as a Gargoyle Berserker on Dec 1, 2021.
             Was the Champion of Trog.
             Slain by an unseen horror (6 damage)
             ... in the Dungeon (Sprint I: "Red Sonja").
             The game lasted 00:18:33 (3917 turns).

Hipnos the Bludgeoner (Gargoyle Berserker)          Turns: 3917, Time: 00:18:33

Health: -3/109     AC: 27    Str: 28      XL:     12   Next: 9%
Magic:  4/4        EV: 16    Int:  4 (5)  God:    Trog [******]
Gold:   299        SH:  5    Dex:  5      Spells: 11/11 levels left

rFire    + . .     SeeInvis +   p - +2 great mace (antimagic)
rCold    x . .     Faith    .   (shield currently unavailable)
rNeg     + + .     Spirit   .   r - +5 ring mail of the Minstrel {rPois rN+ Stlth-}
rPois    ∞         Reflect  +   B - +0 hat {SInv}
rElec    +         Harm     .   z - +1 cloak of Starlight {*Dazzle EV+4 Stlth--}
rCorr    .         Rampage  .   t - +2 pair of gloves {Str+3}
Will     ++++.     Rnd*Rage +   A - +1 pair of boots "Vaco Mei" {Will++ Str+4} Stlth ..........NoTele +
                                w - amulet of reflection
HPRegen  1.28/turn              C - ring of fire
MPRegen  0.09/turn              (no ring)

@: berserking, strong-willed, unable to read, regenerating, very quick
A: sickness immunity, AC +8, negative energy resistance 1, electricity
resistance, torment resistance 1, petrification resistance, berserk 1, clumsy 2,
deformed body, deterioration 2, dopey 2, frail 2, screaming 1, weak 2, subdued
magic 2, inability to read while threatened
a: Renounce Religion, Berserk, Trog's Hand, Brothers in Arms


You were in the Dungeon.
You worshipped Trog.
Trog was exalted by your worship.
You visited 1 branch You collected 2606 gold pieces.
You spent 2307 gold pieces at shops.

Inventory:

Hand Weapons
 a - a +0 mace
 l - a +0 flail
 p - a +2 antimagic great mace (weapon)
 q - a +4 great mace
 x - a +1 antimagic dire flail
 y - a +5 antimagic lajatang
Missiles
 s - 8 atropa-tipped darts (quivered)
Armour
 b - a +0 animal skin
 i - a +0 leather armour
 j - a +1 robe of resistance
 m - a +0 chain mail
 r - the +5 ring mail of the Minstrel (worn) {rPois rN+ Stlth-}
   (You found it in the Dungeon)

   rPois:     It protects you from poison.
   rN:        It protects you from negative energy.
   Stlth:     It makes you less stealthy.
 t - a +2 pair of gloves of strength (worn)
 v - a +0 cloak of stealth
 z - the +1 cloak of Starlight (worn) {*Dazzle EV+4 Stlth--}
   (You bought it in a shop in the Dungeon)

   It may blind those who miss an attack against the wearer in melee combat.
   EV:        It affects your evasion (+4).
   Stlth:     It makes you much less stealthy.
 A - the +1 pair of boots "Vaco Mei" (worn) {Will++ Str+4}
   (You bought it in a shop in the Dungeon)

   Str:       It affects your strength (+4).
   Will:      It greatly increases your willpower.
 B - a +0 hat of see invisible (worn)
Jewellery
 u - an amulet of faith
 w - an amulet of reflection (around neck)
 C - a ring of fire (left hand)
Wands
 d - a wand of iceblast (5)
 o - a wand of digging (8)
Scrolls
 h - a scroll of blinking
 k - a scroll of magic mapping {unknown}
 n - 2 scrolls of fear {unknown}
Potions
 c - 2 potions of curing
 e - a potion of haste
 f - 2 potions of magic
 g - 2 potions of berserk rage


   Skills:
 * Level 18.1 Fighting
 * Level 19.2 Maces & Flails
 + Level 12.2 Armour
 + Level 6.4 Dodging
 + Level 2.5 Stealth
 + Level 2.1 Shields


You had 11 spell levels left.
You didn't know any spells.
Your spell library was empty.

Dungeon Overview and Level Annotations

Branches:
Dungeon (1/1)

Altars:
Cheibriados
Dithmenos
Elyvilon
Fedhas
Gozag
Hepliaklqana
Kikubaaqudgha
Makhleb
Nemelex Xobeh
Okawaru
Qazlal
Ru
Sif Muna
Trog
Uskayaw
Vehumet
Wu Jian
Xom
Yredelemnul
Zin
The Shining One
Jiyva
Lugonu

Shops:
D ?**[*[*=[!=:?([**=([!


Innate Abilities, Weirdness & Mutations

You are immune to sickness and miasma.
Your stone body is resilient. (AC +8)
You are immune to poison.
You resist negative energy. (rN+)
You are resistant to electric shocks. (rElec)
You are resistant to unholy torment.
You are immune to petrification.
You tend to lose your temper in combat.
You are very clumsy. (Dex -4)
Armour fits poorly on your strangely shaped body.
Your body often deteriorates upon taking damage.
You are very dopey. (Int -4)
You are very frail. (-20% HP)
You occasionally shout uncontrollably at your foes.
You are very weak. (Str -4)
Your spells are easier to cast, but less powerful.
You sometimes lose the ability to read scrolls when taking damage.


Message History

You sock the unseen horror!
The unseen horror is almost dead.
The unseen horror hits you but does no damage.
The unseen horror completely misses you.
You crush the unseen horror like a grape!!!
You kill the unseen horror!
Trog accepts your kill.
The unseen horror hits you but does no damage.
Your Fighting skill increases to level 18!
Your Maces & Flails skill increases to level 19!
You completely miss the unseen horror. The unseen horror hits you.
* * * LOW HITPOINT WARNING * * *
The unseen horror hits you but does no damage.
You block the unseen horror's attack.
You beat the unseen horror like a drum!!!
You feel the power of Trog in you as your rage grows.
You kill the unseen horror!
Trog accepts your kill. Trog grants you a weapon!
Something appears at your feet!
You see here a +6 antimagic dire flail.
An unseen horror comes into view.
The unseen horror closely misses you.
The unseen horror hits you but does no damage.
You feel your strength returning.
You pound the unseen horror like an anvil!!!
You kill the unseen horror!
Trog accepts your kill. The unseen horror hits you.
* * * LOW HITPOINT WARNING * * *
You feel your intelligence returning. The unseen horror misses you.
The unseen horror barely misses you. The unseen horror misses you.
You bludgeon the unseen horror!!
The unseen horror is severely wounded.
The unseen horror completely misses you.
The unseen horror barely misses you.
You barely miss the unseen horror.
The unseen horror is severely wounded.
The unseen horror hits you.
You die...

...##'#§####§§§§§##..'^^#
...'..#§#)###...#######+#
####.§§§#'#.###'# )[##
.§##+####^..#y#§##$$$#
.§#.^.^○#...###..###$#
.§#..)°°+.....##§#A#$#
#§###^.°#^....#..###$#
#.'.#.○.###○'##)##..$#
###.#..###..###x@#+###
∩##.#^.####..###.x.#
###§##'#..#(.#.###.#
.##§##.#.........#.#
.§§.####.....○...# #
###§#..'..○○..####
§§#§#####.○.### §#§.#
##### ≈####


You could see 2 unseen horrors.

Vanquished Creatures
  A lorocyproca (D)
  A hydra (D)
  Sonja (D)
  A deep troll (D)
  An oklob plant (D)
  4 shining eyes (D)
  5 unseen horrors (D)
  2 kobold demonologists (D)
  A gargoyle (D)
  A hornet (D)
  A slime creature (D)
  2 redbacks (D)
  Sigmund (D)
  A yak (D)
  13 hogs (D)
  7 floating eyes (D)
  7 necrophages (D)
  An ogre (D)
  8 jellies (D)
  Ijyb (D)
  A ballistomycete spore (D)
61 creatures vanquished.

Vanquished Creatures (collateral kills)
  2 centaur warriors (D)
  A lindwurm (D)
  4 shining eyes (D)
  4 demonic crawlers (D)
11 creatures vanquished.

Vanquished Creatures (others)
  A gargoyle (D)
  2 hornets (D)
  A ballistomycete spore (D)
4 creatures vanquished.

Grand Total: 76 creatures vanquished

Notes
Turn   | Place    | Note
-------+----------+-------------------------------------------
     0 | D        | Hipnos the Gargoyle Berserker began the quest for the Orb.
     0 | D        | Reached XP level 1. HP: 14/14 MP: 1/1
     1 | D        | Noticed Ijyb
     5 | D        | Killed Ijyb
     6 | D        | Reached skill level 5 in Fighting
     6 | D        | Reached skill level 4 in Maces & Flails
     6 | D        | Reached XP level 2. HP: 21/21 MP: 2/2
     6 | D        | Reached XP level 3. HP: 26/26 MP: 3/3
    64 | D        | Noticed an ogre
    69 | D        | Killed an ogre
    70 | D        | Reached skill level 6 in Maces & Flails
    70 | D        | Reached XP level 4. HP: 24/34 MP: 4/4
   231 | D        | Noticed Sigmund
   252 | D        | Killed Sigmund
   252 | D        | Reached ** piety under Trog
   253 | D        | Reached skill level 9 in Maces & Flails
   253 | D        | Reached XP level 5. HP: 13/41 MP: 5/5
   253 | D        | Reached XP level 6. HP: 15/46 MP: 6/6
   462 | D        | Found an ornate altar of the Wu Jian Council.
   462 | D        | Found a shimmering blue altar of Sif Muna.
   464 | D        | Found a radiant altar of Vehumet.
   510 | D        | Found Wottacus's Antique Armour Emporium.
   510 | D        | Found an ancient bone altar of Kikubaaqudgha.
   510 | D        | Found a hazy altar of Hepliaklqana.
   510 | D        | Found a stormy altar of Qazlal.
   510 | D        | Found a hide-covered altar of Uskayaw.
   510 | D        | Found a blossoming altar of Fedhas.
   510 | D        | Found a bloodstained altar of Trog.
   510 | D        | Found an iron altar of Okawaru.
   510 | D        | Found a basalt altar of Yredelemnul.
   510 | D        | Found a glowing golden altar of the Shining One.
   510 | D        | Found a snail-covered altar of Cheibriados.
   510 | D        | Found a sacrificial altar of Ru.
   510 | D        | Found a glowing silver altar of Zin.
   510 | D        | Found a shadowy altar of Dithmenos.
   510 | D        | Found a white marble altar of Elyvilon.
   510 | D        | Noticed a yak
   517 | D        | Killed a yak
   518 | D        | Reached skill level 10 in Fighting
   518 | D        | Reached skill level 10 in Maces & Flails
   518 | D        | Reached XP level 7. HP: 39/53 MP: 7/7
   518 | D        | Found an opulent altar of Gozag.
   519 | D        | Found a sparkling altar of Nemelex Xobeh.
   583 | D        | Found a burning altar of Makhleb.
   583 | D        | Found a viscous altar of Jiyva.
   583 | D        | Found a shimmering altar of Xom.
   583 | D        | Found a corrupted altar of Lugonu.
   583 | D        | Noticed a slime creature
   594 | D        | Killed a slime creature
   594 | D        | Reached *** piety under Trog
   595 | D        | Reached skill level 11 in Maces & Flails
   611 | D        | Bought a chain mail for 108 gold pieces
   834 | D        | Noticed Sonja
   891 | D        | Found Qilaw's Magic Scroll Boutique.
   977 | D        | Paralysed by a floating eye for 2 turns
   989 | D        | Killed Sonja
   990 | D        | Reached skill level 12 in Maces & Flails
   990 | D        | Reached XP level 8. HP: 46/62 MP: 8/8
   995 | D        | Noticed a shining eye
   995 | D        | Noticed a shining eye
   995 | D        | Gained mutation: You occasionally shout uncontrollably at
                  | your foes. [a shining eye]
   996 | D        | Noticed a shining eye
   996 | D        | Gained mutation: Your body sometimes deteriorates upon
                  | taking damage. [a shining eye]
   996 | D        | Paralysed by a floating eye for 4 turns
  1004 | D        | Reached **** piety under Trog
  1004 | D        | Gained mutation: Your spells are a little easier to cast,
                  | but a little less powerful. [a shining eye]
  1010 | D        | Gained mutation: You are weak. (Str -2) [a shining eye]
  1014 | D        | Gained mutation: Armour fits poorly on your strangely
                  | shaped body. [a shining eye]
  1015 | D        | Killed a shining eye
  1015 | D        | Gained mutation: You are clumsy. (Dex -2) [a shining eye]
  1016 | D        | Reached skill level 13 in Maces & Flails
  1016 | D        | Reached skill level 1 in Stealth
  1016 | D        | Reached XP level 9. HP: 40/68 MP: 9/9
  1017 | D        | Gained mutation: You sometimes lose the ability to read
                  | scrolls when taking damage. [a shining eye]
  1018 | D        | Gained mutation: You are very weak. (Str -4) [a shining
                  | eye]
  1171 | D        | Noticed a kobold demonologist
  1171 | D        | Noticed a kobold demonologist
  1179 | D        | Noticed a red devil
  1181 | D        | Killed a kobold demonologist
  1192 | D        | Killed a kobold demonologist
  1192 | D        | Reached ***** piety under Trog
  1238 | D        | Noticed a deep troll
  1251 | D        | Killed a deep troll
  1252 | D        | Reached skill level 14 in Maces & Flails
  1252 | D        | Reached skill level 5 in Dodging
  1262 | D        | Found Tehag's Armour Emporium.
  1338 | D        | Noticed a centaur warrior
  1343 | D        | Noticed a centaur warrior
  1349 | D        | Killed a centaur warrior
  1350 | D        | Reached XP level 10. HP: 5/76 MP: 10/10
  1351 | D        | Killed a centaur warrior
  1352 | D        | Reached skill level 15 in Fighting
  1352 | D        | Reached skill level 10 in Armour
  1623 | D        | Noticed an oklob plant
  1634 | D        | Killed an oklob plant
  1635 | D        | Reached skill level 15 in Maces & Flails
  1959 | D        | Received a gift from Trog
  2277 | D        | Killed an unseen horror
  2284 | D        | Killed an unseen horror
  2353 | D        | Found Nyreare's Jewellery Shoppe.
  2369 | D        | Received a gift from Trog
  2370 | D        | Reached skill level 16 in Maces & Flails
  2389 | D        | Found Tinnant's Antique Armour Boutique.
  2401 | D        | Identified the +2 chain mail of the Dice {Int+2}
  2402 | D        | Identified the +5 ring mail of the Minstrel {rPois rN+
                  | Stlth-}
  2418 | D        | Found Wenic's Assorted Antiques.
  2420 | D        | Found Zoalodd's Distillery.
  2420 | D        | Found Tenysk's Jewellery Shop.
  2420 | D        | Found Yropem's Book Shoppe.
  2420 | D        | Found Acaekuot's Magic Scroll Boutique.
  2420 | D        | Found Cosyimp's Antique Weapon Emporium.
  2420 | D        | Found Dev Xeng's Antique Armour Shop.
  2420 | D        | Found Sitt's Assorted Antiques.
  2424 | D        | Found Hiptuz's General Store.
  2425 | D        | Found Ulosuo's Weapon Emporium.
  2425 | D        | Found Vamiepp's Jewellery Boutique.
  2426 | D        | Found Xarhidui's Distillery.
  2430 | D        | Bought a pair of glowing gloves for 202 gold pieces
  2438 | D        | Bought a glowing citrine amulet for 135 gold pieces
  2438 | D        | Bought a runed cloak for 202 gold pieces
  2448 | D        | Bought an amulet of reflection for 420 gold pieces
  2528 | D        | Received a gift from Trog
  2529 | D        | Reached XP level 11. HP: 49/83 MP: 3/11
  2558 | D        | Noticed a lindwurm
  2560 | D        | Killed a lindwurm
  2762 | D        | Reached ****** piety under Trog
  2774 | D        | Received a gift from Trog
  2775 | D        | Reached skill level 17 in Maces & Flails
  2803 | D        | Received a gift from Trog
  2804 | D        | Reached skill level 1 in Shields
  2828 | D        | Noticed a 12-headed hydra
  2831 | D        | Killed a 12-headed hydra
  2832 | D        | Paralysed by a floating eye for 4 turns
  3121 | D        | Killed a lorocyproca
  3122 | D        | Reached skill level 18 in Maces & Flails
  3606 | D        | Noticed a shining eye
  3606 | D        | Noticed a shining eye
  3606 | D        | Noticed a shining eye
  3606 | D        | Gained mutation: You are very clumsy. (Dex -4) [a shining
                  | eye]
  3607 | D        | Gained mutation: You are dopey. (Int -2) [a shining eye]
  3608 | D        | Noticed a shining eye
  3608 | D        | Noticed a shining eye
  3610 | D        | Killed a shining eye
  3610 | D        | Gained mutation: You tend to lose your temper in combat. [a
                  | shining eye]
  3610 | D        | Gained mutation: Your body often deteriorates upon taking
                  | damage. [a shining eye]
  3611 | D        | Killed a shining eye
  3611 | D        | Received a gift from Trog
  3611 | D        | Gained mutation: You are frail. (-10% HP) [a shining eye]
  3612 | D        | Gained mutation: You are very frail. (-20% HP) [a shining
                  | eye]
  3615 | D        | Gained mutation: You are very dopey. (Int -4) [a shining
                  | eye]
  3616 | D        | Killed a shining eye
  3617 | D        | Gained mutation: Your spells are easier to cast, but less
                  | powerful. [a shining eye]
  3618 | D        | Killed a shining eye
  3620 | D        | Killed a shining eye
  3623 | D        | Killed a shining eye
  3625 | D        | Killed a shining eye
  3626 | D        | Reached XP level 12. HP: 73/73 MP: 4/12
  3643 | D        | Found Bobycvof's Assorted Antiques.
  3643 | D        | Found Jusuvum's General Store.
  3643 | D        | Found Lesimi's General Store.
  3643 | D        | Found Nama's Armour Boutique.
  3662 | D        | Bought the +1 cloak of Starlight {*Dazzle EV+4 Stlth--} for
                  | 335 gold pieces
  3662 | D        | Found the +1 cloak of Starlight {*Dazzle EV+4 Stlth--}
  3662 | D        | Bought the +1 pair of boots "Vaco Mei" {Will++ Str+4} for
                  | 366 gold pieces
  3786 | D        | Bought an embroidered hat for 189 gold pieces
  3803 | D        | Bought a ring of fire for 350 gold pieces
  3897 | D        | Noticed a daeva
  3912 | D        | Reached skill level 19 in Maces & Flails
  3913 | D        | Received a gift from Trog
  3914 | D        | HP: 1/109 [unseen horror (6)]
  3917 | D        | Slain by an unseen horror

Illustrated notes

Levels and vault maps discovered:
D:        dungeon_sprint_1 [red_sonja_temple_1, red_sonja_temple_small_1]

Skill      XL: |  1  2  3  4  5  6  7  8  9 10 11 12 |
---------------+-------------------------------------+-----
Fighting       | 5 7 9 10 12 13 14 16 17 18 | 18.1
Maces & Flails | 4 6 9 10 12 13 14 16 18 19 | 19.2
Dodging        | 2 3 4 5 6 |  6.4
Armour         | 3 4 6 7 9 11 12 | 12.2
Stealth        | 1 2 |  2.5
Shields        | 2 |  2.1

Action                   |  1- 3 |  4- 6 |  7- 9 | 10-12 || total
-------------------------+-------+-------+-------+-------++-------
Melee: Mace              |     7 |    22 |       |       ||    29
       Flail             |       |     7 |    99 |    37 ||   143
       Great mace        |       |       |       |   148 ||   148
Invok: Berserk           |     2 |     1 |     5 |     7 ||    15
       Trog's Hand       |       |       |     4 |     2 ||     6
       Brothers in Arms  |       |       |     1 |     2 ||     3
  Use: Potion            |       |       |     1 |     1 ||     2
 Stab: Distracted        |       |       |       |     1 ||     1
Armor: Leather armour    |       |     4 |       |       ||     4
       Robe              |       |     1 |     1 |       ||     2
       Chain mail        |       |       |    92 |    59 ||   151
       Ring mail         |       |       |       |    48 ||    48
Dodge: Dodged            |       |    13 |    61 |    72 ||   146
Block: Other             |       |       |       |    14 ||    14
